 Dungeon Crawl Stone Soup version 0.18-a0-809-g212a022 (webtiles) character file.

27012 Proton the Grappler (level 13, -4/70 HPs)
             Began as a Vine Stalker Monk on Dec 15, 2015.
             Was a High Priest of Ru.
             Slain by Agnes
             ... wielding a +4 vampiric lajatang
              (8 damage)
             ... on level 15 of the Dungeon.
             The game lasted 00:45:38 (12869 turns).

Proton the Grappler (Vine Stalker Monk)            Turns: 12869, Time: 00:45:38

Health: -4/70      AC: 16    Str: 25    XL:     13   Next: 29%
Magic:  0/23       EV: 17    Int: 13    God:    Ru [*****.]
Gold:   892        SH:  0    Dex: 17    Spells: 0 memorised, 12 levels left

rFire  . . .     SeeInvis .       - Unarmed
rCold  + . .     Clarity  .     C - +1 scale mail of Wusuill {MP+9 Str+4}
rNeg   . . .     SustAt   .     (no shield)
rPois  .         Gourm    .     q - +0 helmet
rElec  .         Spirit   +     k - +0 cloak
rCorr  .         Dismiss  .     (no gloves)
rMut   .         Stasis   .     p - +0 pair of boots
MR     +....                    J - amulet of faith
Stlth  +++.......               B - ring of the Octopus King {AC+1 EV+1 Str+1 Int+1 Dex+1 Stlth+}
                                u - ring of protection from cold

@: about to teleport, somewhat resistant to hostile enchantments, fairly
stealthy
A: fangs 3, camouflage 1, clever 1, sense surroundings 1, regeneration 3, shaggy
fur 2, magic shield, antimagic bite, no device heal 3, rot immunity, inability
to use devices, hated by all, no air magic, no conjurations magic, no necromancy
magic, disrupted magic 1
a: Draw Out Power, Power Leap, Apocalypse, Renounce Religion


You were on level 15 of the Dungeon.
You worshipped Ru.
Ru was extremely pleased with you.
You were hungry.

You visited 1 branch of the dungeon, and saw 15 of its levels.
You also visited: Ossuary.

You collected 892 gold pieces.

Inventory:

Armour
 k - a +0 cloak (worn)
 p - a +0 pair of boots (worn)
 q - a +0 helmet (worn)
 C - the +1 scale mail of Wusuill (worn) {MP+9 Str+4}
   (You found it on level 6 of the Dungeon)

   It affects your strength (+4).
   It affects your magic capacity (+9).
 H - the +1 robe "Juytoaxo" {rC++ Dex+2}
   (You found it on level 9 of the Dungeon)

   It affects your dexterity (+2).
   It greatly protects you from cold.
Jewellery
 t - an uncursed ring of protection from cold
 u - a ring of protection from cold (left hand)
 B - a ring of the Octopus King (right hand) {AC+1 EV+1 Str+1 Int+1 Dex+1 Stlth+}
   (You found it on level 6 of the Dungeon)

   [ring of stealth]

   It affects your AC (+1).
   It affects your evasion (+1).
   It affects your strength (+1).
   It affects your intelligence (+1).
   It affects your dexterity (+1).
   It makes you more stealthy.
 J - an amulet of faith (around neck)
Scrolls
 c - 11 scrolls of remove curse
 f - a scroll of vulnerability
 h - a scroll of enchant weapon
 i - 6 scrolls of teleportation
 l - 2 scrolls of magic mapping {unknown}
 m - 3 scrolls of noise {unknown}
 n - 3 scrolls of recharging {unknown}
 o - a scroll of immolation
 r - a scroll of torment
 v - 5 scrolls of fear {unknown}
 w - 3 scrolls of enchant armour {unknown}
 y - 3 scrolls of random uselessness {unknown}
 A - a scroll of blinking
 G - a scroll of fog
 K - 2 scrolls of amnesia
Potions
 a - 5 potions of curing
 d - 2 potions of ambrosia
 e - a potion of flight
 j - a potion of resistance
 s - 2 potions of agility
 x - a potion of invisibility
 z - 3 potions of haste
 E - a potion of berserk rage
Comestibles
 b - 4 bread rations
 D - 5 royal jellies
 F - 6 fruits


   Skills:
 + Level 9.1 Fighting
 + Level 8.0 Armour
 + Level 8.5 Dodging
 - Level 2.4 Stealth
 * Level 13.8 Unarmed Combat
   Level 0.0 Evocations


You had 12 spell levels left.
You didn't know any spells.

Dungeon Overview and Level Annotations

Branches:
Dungeon (15/15)            Temple (0/1) D:6            Lair (0/8) D:9
    Orc (0/2) D:12         Vaults (0/5) D:13
 Depths: D:15

Altars:
Ashenzari
Kikubaaqudgha
Pakellas
Qazlal
Ru
Xom
Beogh

Shops:
D:5 [?%=   D:7 *

Annotations:
D:12 Frances
D:15 Agnes


Innate Abilities, Weirdness & Mutations

You have razor-sharp teeth.
You regenerate.
When hurt, damage is shared between your health and your magic reserves.
Your bite disrupts and absorbs the magic of your enemies.
Potions and wands cannot restore your health.
You are immune to rotting.
You cannot study or use magical devices.
You are hated by all.
You cannot study or cast Air magic.
You cannot study or cast Conjurations magic.
You cannot study or cast Necromancy magic.
Your casting is slightly disrupted.
Your skin changes colour to match your surroundings (Stealth).
Your mind is acute. (Int +2)
You passively map a small area around you.
You are covered in thick fur (AC +2).


Message History

You are too injured to fight recklessly!
You are too injured to fight recklessly!
You are too injured to fight recklessly!
You are too injured to fight recklessly!
Read which item? (? for menu, Esc to quit)
As you read the scroll of teleportation, it crumbles to dust.
You feel strangely unstable.
Agnes hits you with a vampiric lajatang.
Agnes draws strength from your injuries!
The jelly hits you but does no damage.
The orc wizard begins to cast a spell, but is stunned by your will!
Your scale mail of Wusuill prevents you from hitting the jelly.
You bite the jelly, but do no damage.
Agnes hits you with a vampiric lajatang!!
* * * LOW HITPOINT WARNING * * *
The jelly barely misses you.
Agnes hits you with a vampiric lajatang!!
* * * LOW HITPOINT WARNING * * *
Agnes hits you with a vampiric lajatang!
You die...

, , , * , , ..
* .#
..##########.#
........!....#
, ,
..<..........#
.............#
,
,............$#
.......J.....#
......ooi@...#
........o....#
,
,.............#
*
###########..#
#..# #..# #..#
* #######..# ,
, .........#


You could see Agnes, an orc warrior, a jelly, an orc wizard and an orc.

Vanquished Creatures
  A yaktaur captain (D:12)
  The ghost of P0WERM0DE the Cleaver, a journeyman DsCK of Xom (D:11)
  A tengu warrior (D:12)
  The ghost of flinch the Carver, a novice HEFi of Pakellas (D:9)
  7 hill giants
  Pikel (D:6)
  4 cyclopes
  A hornet (shapeshifter) (D:14)
  An ugly thing (D:10)
  A kobold demonologist (D:12)
  A demonic crawler (D:14)
  2 yaktaurs (D:13)
  A tengu conjurer (D:13)
  A queen bee (D:8)
  4 trolls
  A trapdoor spider zombie (D:13)
  4 boulder beetles (D:14)
  2 two-headed ogres
  3 shadows
  The ghost of WhatIsLove the Magician, an amateur OpCj (Ossuary)
  A wraith (Ossuary)
  11 yaks
  4 hungry ghosts
  3 wyverns
  2 hippogriffs
  4 vampire mosquitoes
  2 wolves (D:11)
  Grum (D:11)
  Menkaure (D:5)
  2 soldier ants
  4 sky beasts
  3 mottled dragons
  2 water moccasins
  Edmund (D:5)
  An ice beast (D:8)
  4 slaves (D:6)
  2 wasps
  2 necrophages (D:8)
  A phantom (D:12)
  3 ogres
  10 orc warriors
  A crocodile (D:9)
  6 centaurs
  7 giant frogs
  2 big kobolds
  A gnoll sergeant (D:8)
  A wyvern zombie (D:7)
  A water moccasin skeleton (D:10)
  21 killer bees
  4 scorpions
  31 wights
  5 crimson imps
  2 centaur zombies
  3 jellies
  2 quasits
  2 giant frog skeletons
  11 orc priests
  4 centaur skeletons
  5 hounds
  13 orc wizards
  Jessica (D:3)
  5 iguanas
  3 sheep (D:12)
  11 worker ants
  A killer bee zombie (D:7)
  A hound skeleton (D:5)
  A mummy (Ossuary)
  16 gnolls
  Robin (D:3)
  14 adders
  A worker ant zombie (D:10)
  7 shadow imps
  3 oozes
  An adder zombie (D:6)
  A worm (D:3)
  8 giant geckos
  72 orcs
  7 bats
  5 giant cockroaches
  5 gnoll skeletons (Ossuary)
  9 hobgoblins
  5 quokkas
  A giant gecko skeleton (D:5)
  2 giant newts
  8 goblins
  6 kobolds
  8 kobold skeletons (Ossuary)
  12 orc skeletons (Ossuary)
  A quokka skeleton (D:4)
  4 rats
445 creatures vanquished.

Vanquished Creatures (others)
  A yaktaur captain (D:13)
  A centaur warrior (D:13)
  A demonic crawler (D:14)
  A two-headed ogre (D:13)
  An orc wizard (D:12)
  2 orcs
7 creatures vanquished.

Grand Total: 452 creatures vanquished

Notes
Turn   | Place    | Note
--------------------------------------------------------------
     0 | D:1      | Proton the Vine Stalker Monk began the quest for the Orb.
     0 | D:1      | Reached XP level 1. HP: 11/11 MP: 2/2
   386 | D:1      | Reached XP level 2. HP: 16/16 MP: 3/3
   711 | D:1      | Reached skill level 1 in Armour
   870 | D:2      | Reached XP level 3. HP: 16/19 MP: 2/4
   976 | D:2      | Found a shimmering altar of Xom.
  1192 | D:3      | Noticed Jessica
  1197 | D:3      | Killed Jessica
  1197 | D:3      | Reached XP level 4. HP: 22/24 MP: 5/5
  1456 | D:3      | Reached XP level 5. HP: 28/28 MP: 6/6
  1465 | D:3      | Reached skill level 5 in Unarmed Combat
  1587 | D:3      | Found a sacrificial altar of Ru.
  1587 | D:3      | Found an ancient bone altar of Kikubaaqudgha.
  1593 | D:3      | Became a worshipper of Ru the Awakened
  1595 | D:3      | Gained mutation: You are hated by all. [Ru sacrifice]
  1595 | D:3      | Reached * piety under Ru
  1783 | D:3      | Noticed Robin
  1786 | D:3      | Killed Robin
  1971 | D:3      | Gained mutation: You heal very quickly. [Vine Stalker growth]
  1971 | D:3      | Reached XP level 6. HP: 29/32 MP: 7/7
  2492 | D:4      | Reached skill level 6 in Unarmed Combat
  2596 | D:5      | Entered Level 5 of the Dungeon
  2600 | D:5      | Found Saiddipi's Magic Scroll Emporium.
  2608 | D:5      | Reached XP level 7. HP: 35/37 MP: 8/8
  2609 | D:5      | Found Sych's Food Shop.
  2611 | D:5      | Noticed Menkaure
  2621 | D:5      | Killed Menkaure
  2642 | D:5      | Found Erehekh's Jewellery Shop.
  2744 | D:5      | Reached skill level 1 in Evocations
  2802 | D:5      | Found Mekhatzi's Armour Emporium.
  2802 | D:5      | Found a shattered altar of Ashenzari.
  2805 | D:5      | Noticed Edmund
  2853 | D:5      | Killed Edmund
  2909 | D:5      | Gained mutation: You have razor-sharp teeth. [Vine Stalker growth]
  2909 | D:5      | Reached XP level 8. HP: 40/42 MP: 10/10
  3123 | D:5      | Reached skill level 7 in Unarmed Combat
  3735 | D:6      | Got a ring of the Octopus King
  3754 | D:6      | Got a transparent scale mail
  3765 | D:6      | Identified the cursed +1 scale mail of Wusuill {MP+9 Str+4} (You found it on level 6 of the Dungeon)
  3766 | D:6      | Identified a ring of the Octopus King {AC+1 EV+1 Str+1 Int+1 Dex+1 Stlth+} (You found it on level 6 of the Dungeon)
  3792 | D:6      | Found a staircase to the Ecumenical Temple.
  3890 | D:6      | Found a sand-covered staircase.
  3895 | Ossuary  | Entered an ossuary
  3895 | Ossuary  | Noticed WhatIsLove's ghost (amateur OpCj)
  3912 | Ossuary  | Killed WhatIsLove's ghost
  4427 | D:6      | Noticed Pikel
  4468 | D:6      | Killed Pikel
  4468 | D:6      | Reached skill level 5 in Fighting
  4468 | D:6      | Reached skill level 8 in Unarmed Combat
  4468 | D:6      | Reached XP level 9. HP: 40/47 MP: 12/12
  4950 | D:7      | Reached skill level 5 in Dodging
  5137 | D:7      | Found a runed door.
  5395 | D:7      | Found Fiaral's General Store.
  5513 | D:7      | Reached skill level 9 in Unarmed Combat
  5863 | D:7      | Reached XP level 10. HP: 53/53 MP: 14/14
  5893 | D:7      | Gained mutation: You cannot study or cast Air magic. [Ru sacrifice]
  5893 | D:7      | Gained mutation: You cannot study or cast Necromancy magic. [Ru sacrifice]
  5893 | D:7      | Gained mutation: You cannot study or cast Conjurations magic. [Ru sacrifice]
  5893 | D:7      | Reached ** piety under Ru
  5919 | D:7      | Found a roughly hewn altar of Beogh.
  6018 | D:8      | Found a stormy altar of Qazlal.
  6517 | D:8      | Reached skill level 10 in Unarmed Combat
  6625 | D:8      | Reached skill level 5 in Armour
  6639 | D:8      | Paralysed by a wasp for 3 turns
  6650 | D:8      | HP: 2/53 [poisoned by a wasp]
  7308 | D:9      | Got a brightly glowing robe
  7336 | D:9      | Identified the +1 robe "Juytoaxo" {rC++ Dex+2} (You found it on level 9 of the Dungeon)
  7570 | D:9      | Noticed flinch's ghost (novice HEFi)
  7593 | D:9      | Reached skill level 5 in Evocations
  7640 | D:9      | Killed flinch's ghost
  7640 | D:9      | Reached XP level 11. HP: 49/58 MP: 14/15
  7648 | D:9      | Found an oddly glowing altar of Pakellas.
  7678 | D:9      | Gained mutation: Your casting is slightly disrupted. [Ru sacrifice]
  8397 | D:9      | Found a staircase to the Lair.
  8479 | D:8      | Reached skill level 11 in Unarmed Combat
  8520 | D:10     | Entered Level 10 of the Dungeon
  9343 | D:11     | Gained mutation: You cannot study or use magical devices. [Ru sacrifice]
  9343 | D:11     | Reached *** piety under Ru
  9343 | D:11     | Reached **** piety under Ru
  9343 | D:11     | Reached ***** piety under Ru
  9376 | D:11     | Noticed a hill giant
  9386 | D:11     | Killed a hill giant
  9510 | D:11     | Noticed P0WERM0DE's ghost (journeyman DsCK)
  9557 | D:10     | Gained mutation: You passively map a small area around you. [mutagenic meat]
  9558 | D:10     | Gained mutation: You are robust (+10% HP). [mutagenic meat]
  9560 | D:10     | Gained mutation: Your skin changes colour to match your surroundings (Stealth). [mutagenic meat]
  9621 | D:11     | Killed P0WERM0DE's ghost
  9754 | D:11     | Noticed Grum
  9764 | D:11     | Killed Grum
 10060 | D:12     | Noticed a hill giant
 10113 | D:12     | Killed a hill giant
 10113 | D:12     | Reached skill level 12 in Unarmed Combat
 10113 | D:12     | Gained mutation: You regenerate. [Vine Stalker growth]
 10113 | D:12     | Reached XP level 12. HP: 50/70 MP: 13/13
 10490 | D:12     | Noticed Frances
 10766 | D:13     | Found a gate to the Vaults.
 10779 | D:13     | Noticed a yaktaur captain
 10790 | D:13     | Killed a yaktaur captain
 10852 | D:13     | Noticed a tengu warrior
 10868 | D:13     | HP: 2/70 [tengu warrior/bolt (8)]
 11029 | D:12     | Noticed a yaktaur captain
 11069 | D:12     | Killed a yaktaur captain
 11172 | D:12     | Found a staircase to the Orcish Mines.
 11304 | D:13     | Noticed a centaur warrior
 11324 | D:13     | Killed a centaur warrior
 11329 | D:13     | Reached skill level 13 in Unarmed Combat
 11699 | D:12     | Killed a tengu warrior
 12003 | D:14     | Reached XP level 13. HP: 75/75 MP: 14/14
 12104 | D:14     | Gained mutation: You are covered in fur (AC +1). [mutagenic meat]
 12106 | D:14     | Gained mutation: Your magical capacity is low (-10% MP). [mutagenic meat]
 12565 | D:14     | Lost mutation: You are robust (+10% HP). [mutagenic meat]
 12566 | D:14     | Gained mutation: You are covered in thick fur (AC +2). [mutagenic meat]
 12567 | D:14     | Lost mutation: Your magical capacity is low (-10% MP). [mutagenic meat]
 12568 | D:14     | Gained mutation: Your mind is acute. (Int +2) [mutagenic meat]
 12841 | D:15     | Entered Level 15 of the Dungeon
 12862 | D:15     | Noticed Agnes
 12868 | D:15     | HP: 3/70 [Agnes/vampiric lajatang (16)]
 12869 | D:15     | Slain by Agnes

Vault maps used:
D:1:      eino_arrival_water_star
D:2:      old_standard_altar
D:3:      minmay_door_path, gammafunk_temple_overflow_wave, uniq_robin,
          uniq_jessica
D:5:      overflow_temple_1_default, serial_shops, shop, shop,
          nicolae_shop_waterfront, shop, first_bread, uniq_edmund, uniq_menkaure
D:6:      minmay_temple_entry_butterflies,
          nicolae_ossuary_entry_false_entrances, uniq_pikel
D:7:      serial_shops, nicolae_shop_statue_plus, lightli_church_of_beogh
D:8:      marbit_many_paths, serial_undead, serial_undead_b, serial_undead_a,
          serial_undead_c, serial_undead_b, david_nohive_1
D:9:      grunt_pakellas_mercury, erik_lair_dragon
D:10:     wad_dig_loot
D:11:     minmay_misc_feat_more_columns, uniq_grum
D:12:     orc_0_dummy, kennysheep_four_rooms, uniq_frances
D:13:     david_vaults_2
D:14:     small_statue_intersection, einodemon_crawler_minivault
D:15:     hangedman_depths_entry_civil_slaughter, wad_floor_pattern_untrapped,
          uniq_agnes, uniq_roxanne, uniq_azrael
Ossuary:  ossuary_due_mausoleum

Action                   |  1- 3 |  4- 6 |  7- 9 | 10-12 | 13-15 || total
-------------------------+-------+-------+-------+-------+-------++-------
Melee: Unarmed           |    90 |   198 |   404 |   864 |   166 ||  1722
Invok: Sacrifice Love    |       |     1 |       |       |       ||     1
       Reject Sacrifices |       |       |     1 |     1 |       ||     2
       Sacrifice Arcana  |       |       |       |     1 |       ||     1
       Sacrifice Essence |       |       |       |     1 |       ||     1
       Sacrifice Artific |       |       |       |     1 |       ||     1
       Apocalypse        |       |       |       |     1 |       ||     1
  Use: Scroll            |       |       |       |    11 |     8 ||    19
       Potion            |       |       |       |     3 |       ||     3
 Stab: Sleeping          |       |       |     4 |    12 |     1 ||    17
       Distracted        |       |       |     1 |     4 |     1 ||     6
       Invisible         |       |       |       |     8 |     4 ||    12
  Eat: Beef jerky        |       |     1 |     1 |     2 |       ||     4
       Royal jelly       |       |     1 |       |     1 |     2 ||     4
       Bread ration      |       |     1 |     1 |     1 |       ||     3
       Pizza             |       |       |     1 |     3 |       ||     4
       Meat ration       |       |       |       |     2 |       ||     2
       Chunk             |       |       |       |     4 |     7 ||    11
